 Dungeon Crawl Stone Soup version 0.24.0-1-gfbc8707 (webtiles) character file.

Game seed: 656133719358137097, levelgen mode: deterministic

128 Fang the Skirmisher (level 5, -1/49 HPs)
             Began as a Gargoyle Berserker on Oct 30, 2019.
             Was a Believer of Trog.
             Slain by a worm (10 damage)
             ... on level 3 of the Dungeon.
             The game lasted 00:03:52 (1609 turns).

Fang the Skirmisher (Gargoyle Berserker)            Turns: 1609, Time: 00:03:53

Health: -1/49      AC: 13    Str: 26    XL:     5   Next: 12%
Magic:  5/5        EV:  9    Int:  8    God:    Trog [**....]
Gold:   134        SH:  0    Dex:  9    Spells: 4/4 levels left

rFire    . . .     SeeInvis .   a - +0 war axe
rCold    + . .     Gourm    .   (no shield)
rNeg     + . .     Faith    .   b - +0 chain mail
rPois    ∞         Spirit   .   (no helmet)
rElec    +         Reflect  .   (no cloak)
rCorr    .         Harm     .   (no gloves)
MR       .....                  (no boots)
Stlth    ..........             (no amulet)
HPRegen  0.16/turn              g - ring of stealth
MPRegen  0.09/turn              k - ring of protection from cold

@: berserking, very quick
A: negative energy resistance 1, electricity resistance, unbreathing,
petrification resistance, rot immunity, AC +4
a: Berserk, Trog's Hand, Renounce Religion


You were on level 3 of the Dungeon.
You worshipped Trog.
Trog was pleased with you.
You were hungry.

You visited 1 branch of the dungeon, and saw 3 of its levels.

You collected 134 gold pieces.

Inventory:

Hand Weapons
 a - a +0 war axe (weapon)
Armour
 b - a +0 chain mail (worn)
Jewellery
 g - a ring of stealth (left hand)
 k - a ring of protection from cold (right hand)
 o - a +4 ring of dexterity {unknown}
 q - an uncursed amulet of the acrobat {unknown}
Scrolls
 f - 2 scrolls of immolation {unknown}
 i - a scroll of random uselessness {unknown}
 l - a scroll of fear {unknown}
 m - a scroll of identify {unknown}
 n - a scroll of remove curse {unknown}
Potions
 e - 2 potions of flight {unknown}
 h - a potion of curing {unknown}
 j - a potion of ambrosia {unknown}
 p - a potion of degeneration {unknown}
Comestibles
 c - 9 rations
 d - 4 chunks of flesh


   Skills:
 * Level 4.2 Fighting
 * Level 3.5 Axes
 + Level 3.4 Armour
 + Level 2.3 Dodging


You had 4 spell levels left.
You didn't know any spells.
Your spell library was empty.

Dungeon Overview and Level Annotations

Branches:
Dungeon (3/15)

Altars:
Nemelex Xobeh
Okawaru
Trog
Xom


Innate Abilities, Weirdness & Mutations

You are resistant to torment.
Your stone body is resilient. (AC +4)
You are immune to poison.
You resist negative energy. (rN+)
You are resistant to electric shocks. (rElec)
You can survive without breathing.
You are immune to petrification.
You are immune to rotting.


Message History

Your chain mail prevents you from hitting the worm.
You slash the rat!
You feel the power of Trog in you as your rage grows.
You kill the rat!
Trog accepts your kill.
Your chain mail prevents you from hitting the worm.
The worm bites you.
* * * LOW HITPOINT WARNING * * *
The worm bites you but does no damage.
You hit the worm but do no damage. You slash the worm!
You kill the worm!
Trog accepts your kill. The worm bites you but does no damage.
You slash the worm!
The worm is heavily wounded.
You hit the worm. The worm barely misses you. x2
You barely miss the worm.
The worm is moderately wounded.
You slash the worm! The worm completely misses you. The worm bites you!
You die...

###..........#
##..÷.......#
#...........#
#...##.##...####
##.####'#####...#
##)##.......##...# #
#.##.........##.[# #.
##.#...........#..#
#.##
#..#..w@###....#..#
$..#
#..#..w##y##...#..#
#..
#..#....###....#..#
#.##.###.........##..#
#....# #...._....##..#
####...#
##..)...)##...#
###....#.#
###)).###.#..##
#........# ####
#.....# ##........##
#.# #.....#


You could see a moth of wrath and 2 worms.

Vanquished Creatures
  Jessica (D:2)
  Robin (D:2)
  An adder (D:3)
  2 worms (D:3)
  A dart slug (D:1)
  2 leopard geckos
  An orc (D:3)
  A giant cockroach (D:3)
  14 goblins
  5 hobgoblins
  7 jackals (D:2)
  4 kobolds
  A quokka (D:3)
  3 ball pythons
  11 bats
  10 frilled lizards
  7 rats
72 creatures vanquished.

Notes
Turn   | Place    | Note
-------+----------+-------------------------------------------
     0 | D:1      | Fang the Gargoyle Berserker began the quest for the Orb.
     0 | D:1      | Reached XP level 1. HP: 14/14 MP: 1/1
   129 | D:1      | Reached XP level 2. HP: 13/19 MP: 2/2
   555 | D:1      | Reached XP level 3. HP: 23/23 MP: 3/3
   693 | D:2      | Noticed Robin
   700 | D:2      | Reached ** piety under Trog
   706 | D:2      | Killed Robin
   806 | D:2      | Noticed Jessica
   820 | D:2      | Killed Jessica
   820 | D:2      | Reached XP level 4. HP: 26/29 MP: 4/4
   830 | D:2      | Found a faded altar of an unknown god.
   881 | D:2      | Reached skill level 4 in Fighting
  1102 | D:2      | Found an iron altar of Okawaru.
  1105 | D:2      | Found a shimmering altar of Xom.
  1108 | D:2      | Found a sparkling altar of Nemelex Xobeh.
  1462 | D:3      | Reached XP level 5. HP: 32/33 MP: 5/5
  1591 | D:3      | Noticed a moth of wrath
  1593 | D:3      | Found a bloodstained altar of Trog.
  1609 | D:3      | Slain by a worm

Levels and vault maps discovered:
D:1:      saegor_arrival_simple_c, layout_basic, minivault_27
D:2:      layout_rooms, grunt_temple_overflow_diamond,
          chequers_ecumenical_altar_simple, uniq_jessica, uniq_robin
D:3:      layout_rooms, tgw_trog, gammafunk_ghost_mausoleum, due_unseen_surprise

Skill      XL: |  1  2  3  4 |
---------------+-------------+-----
Axes           | 3 |  3.5
Dodging        | 2 |  2.3
Armour         | 3 |  3.4
Fighting       | 4 |  4.2

Action                   |  1- 3 |  4- 6 || total
-------------------------+-------+-------++-------
Melee: Hand axe          |    87 |    41 ||   128
       War axe           |       |    54 ||    54
Invok: Berserk           |     1 |     1 ||     2
 Stab: Sleeping          |       |     1 ||     1
  Eat: Chunk             |     1 |     3 ||     4
Armor: Animal skin       |    30 |    20 ||    50
       Chain mail        |       |    56 ||    56
Dodge: Dodged            |    83 |    91 ||   174
